Penguins vs Capitals
Created - December 21, 2021 at 19:48
Goals
|
Penguins |
2 |
1 |
4 |
7 |
Capitals |
2 |
0 |
1 |
3 |
|
Shots
|
Penguins |
8 |
6 |
14 |
28 |
Capitals |
9 |
3 |
16 |
28 |
|
1st period
1. Penguins , Brandon Tanev 1 (Lars Eller 3, Marcus Foligno 1) at 1:33
2. Capitals , Mark Stone 1 (Joe Pavelski 1, Jason Pominville 4) at 3:55
3. Penguins , Andrew Cogliano 1 (Nikita Kucherov 6, Olli Maatta 3) at 7:36
4. Capitals , Joe Pavelski 4 (Ryan Getzlaf 4) at 17:57 (PP)
Penalties :
Trevor Daley (Was) for Hooking (Minor) at 11:25, Oliver Ekman-Larsson (Pit) for Diving (Minor) at 17:55
2nd period
5. Penguins , Derek Stepan 3 (Jason Zucker 2, Teuvo Teravainen 2) at 11:04
Penalties :
Ryan Getzlaf (Was) for Hooking (Minor) at 8:25, Teuvo Teravainen (Pit) for Hooking (Minor) at 13:25, Jason Zucker (Pit) for Tripping (Minor) at 16:13
3rd period
6. Penguins , Joe Colborne 5 (Keith Aulie 2) at 4:18
7. Capitals , Jason Pominville 2 (Joe Pavelski 2) at 5:39
8. Penguins , Teuvo Teravainen 2 (Derek Stepan 9, Steven Stamkos 3) at 11:52
9. Penguins , Cal Clutterbuck 4 (Steven Stamkos 4) at 14:47 (SH)
10. Penguins , Marcus Foligno 2 (Lars Eller 4, Brandon Tanev 2) at 17:21
Penalties :
Brent Burns (Was) for Tripping (Minor) at 4:30, Oliver Ekman-Larsson (Pit) for Tripping (Minor) at 5:35, Nikita Kucherov (Pit) for Roughing (Minor) at 14:03, Mike Green (Was) for High sticking (Minor) at 18:55
Goalie Stats
Jacob Markstrom (Pit), 25 saves from 28 shots - (0.893), W, 5-2-0, 60:00 minutes
Keith Kinkaid (Was), 10 saves from 13 shots - (0.769), 15:42 minutes
Marc-André Fleury (Was), 11 saves from 15 shots - (0.733), L, 2-4-0, 44:18 minutes
Players Stats for Penguins
Player Name G A P +/- PIM S H SB GA TA FO MP PP MP PK MP
------------------------------------------------------------------------------------
Andrew Cogliano 1 0 1 -1 0 3 3 0 1 2 2/3 20:45 3:13 1:15
Brandon Tanev 1 1 2 2 0 1 2 0 0 0 0/0 7:26 0:02 0:00
Cal Clutterbuck 1 0 1 2 0 3 1 0 0 0 1/2 13:55 0:00 4:24
Derek Stepan 1 1 2 2 0 4 0 0 0 0 8/15 18:12 2:52 1:07
Jason Zucker 0 1 1 2 2 1 0 0 0 0 0/1 17:00 2:52 0:00
Jeff Skinner 0 0 0 2 0 1 1 0 0 0 0/0 13:39 3:32 0:00
Joe Colborne 1 0 1 1 0 3 0 0 1 0 2/2 10:37 0:00 1:05
Keith Aulie 0 1 1 2 0 0 0 0 0 0 0/0 20:56 2:35 2:50
Lars Eller 0 2 2 2 0 0 0 0 0 0 0/2 7:05 0:00 0:00
Marcus Foligno 1 1 2 2 0 1 0 1 0 0 1/1 11:35 2:35 1:54
Nikita Kucherov 0 1 1 0 2 3 1 1 0 0 0/0 18:20 3:15 0:00
Oliver Ekman-Larsson 0 0 0 2 4 2 4 4 1 0 0/0 27:23 3:31 3:43
Olli Maatta 0 1 1 2 0 0 0 0 0 0 0/0 10:40 0:00 0:26
Radko Gudas 0 0 0 1 0 0 2 2 0 0 0/0 19:20 0:00 2:55
Sean Zimmerman 0 0 0 0 0 1 1 0 0 1 0/0 24:24 0:00 4:14
Steven Stamkos 0 2 2 0 0 3 5 0 0 0 17/39 23:37 3:15 4:23
Teuvo Teravainen 1 1 2 2 2 2 1 0 1 0 0/1 16:49 2:52 0:00
Will Butcher 0 0 0 2 0 0 1 0 0 0 0/0 10:14 0:00 0:00
Players Stats for Capitals
Player Name G A P +/- PIM S H SB GA TA FO MP PP MP PK MP
------------------------------------------------------------------------------------
Alexei Marchenko 0 0 0 0 0 0 1 1 0 0 0/0 11:17 0:29 0:00
Blake Pietila 0 0 0 0 0 0 0 0 0 0 1/1 13:57 0:00 0:35
Brent Burns 0 0 0 -5 2 3 0 1 0 1 0/0 24:51 3:20 3:01
Cameron Gaunce 0 0 0 -1 0 0 2 2 0 0 0/0 20:54 3:44 2:22
Dustin Brown 0 0 0 0 0 2 1 0 0 0 0/0 13:47 0:10 0:00
Jamie Benn 0 0 0 -3 0 3 1 0 0 0 2/3 19:53 3:45 1:45
Jared Spurgeon 0 0 0 1 0 0 0 0 0 0 0/0 3:42 0:00 0:00
Jason Pominville 1 1 2 -2 0 4 1 1 0 0 0/2 23:57 3:09 3:38
Joe Pavelski 1 2 3 -2 0 6 4 1 1 0 10/15 26:11 4:00 3:51
Mark Stone 1 0 1 1 0 1 0 0 1 0 0/0 4:41 0:10 0:40
Mike Green 0 0 0 -3 2 3 1 2 0 1 0/0 28:49 3:20 3:15
Patrick Sharp 0 0 0 -3 0 1 1 1 0 0 0/0 18:07 2:40 1:45
Ryan Getzlaf 0 1 1 -4 2 3 1 0 0 0 11/23 18:32 3:31 0:00
Sean Monahan 0 0 0 -3 0 1 1 0 0 0 6/13 16:22 2:40 0:00
T.J. Oshie 0 0 0 0 0 0 0 0 0 0 0/0 3:18 0:38 0:00
Trevor Daley 0 0 0 -1 2 0 0 1 0 1 0/0 10:55 0:00 1:14
Victor Hedman 0 0 0 -1 0 0 1 1 0 1 0/0 20:27 3:44 2:22
William Karlsson 0 0 0 0 0 1 1 0 1 0 5/9 13:15 0:00 0:00
3 Stars
1 - Brandon Tanev (Pit)
2 - Marcus Foligno (Pit)
3 - Derek Stepan (Pit)
Power Play
Penguins - 0 on 4 Attempt(s) - 0.00%
Capitals - 1 on 5 Attempt(s) - 20.00%
Penalty Kill
Penguins - 4 on 5 Attempt(s) - 80.00%
- Score 1 goal in Penalty Kill
Capitals - 4 on 4 Attempt(s) - 100.00%
- Score 0 goal in Penalty Kill
Team Stat
Penguins - Hits : 22 - Faceoff Wins : 31 - Blocked Shots : 8 - Penalty Minutes : 10
Capitals - Hits : 16 - Faceoff Wins : 35 - Blocked Shots : 11 - Penalty Minutes : 8
Official
Referees : Kelly Sutherland and Brandon Schrader
Linesman : David Brisebois and Ryan Gibbons
Game Notes
Keith Kinkaid enters game at 4:18 of 3rd period
Finance
Level 1 -- Attendance: 5543 (92.38%) -- Ticket Income $554,300
Level 2 -- Attendance: 4991 (99.82%) -- Ticket Income $299,460
Level 3 -- Attendance: 1995 (99.75%) -- Ticket Income $69,825
Level 4 -- Attendance: 3837 (95.93%) -- Ticket Income $95,925
Luxury Box -- Attendance: 890 (89.00%) -- Ticket Income $178,000
Game was played at the Capital One Arena.
Total Attendance: 17256 (95.87%)
Total Ticket Income: $1,197,510
Other Income: $179,626
Total Income: $1,377,136
Penguins
5 vs 5 Forward
Center Left Wing Right Wing Time % Phy DF OF
1 Steven Stamkos Andrew Cogliano Nikita Kucherov 40 1 2 2
2 Derek Stepan Jason Zucker Teuvo Teravainen 30 1 2 2
3 Joe Colborne Jeff Skinner Cal Clutterbuck 20 1 2 2
4 Lars Eller Brandon Tanev Marcus Foligno 10 1 2 2
5 vs 5 Defense
Defense Defense Time % Phy DF OF
1 Sean Zimmerman Oliver Ekman-Larsson 40 1 2 2
2 Keith Aulie Radko Gudas 30 1 2 2
3 Olli Maatta Will Butcher 20 1 2 2
4 Sean Zimmerman Oliver Ekman-Larsson 10 1 2 2
PowerPlay Forward
Center Left Wing Right Wing Time % Phy DF OF
1 Steven Stamkos Andrew Cogliano Nikita Kucherov 60 1 2 2
2 Derek Stepan Jason Zucker Teuvo Teravainen 40 1 2 2
PowerPlay Defense
Defense Defense Time % Phy DF OF
1 Jeff Skinner Oliver Ekman-Larsson 60 1 2 2
2 Keith Aulie Marcus Foligno 40 1 2 2
Penalty Kill 4 Players Forward
Center Wing Time % Phy DF OF
1 Steven Stamkos Cal Clutterbuck 60 1 2 2
2 Joe Colborne Marcus Foligno 40 1 2 2
Penalty Kill 4 Players Defense
Defense Defense Time % Phy DF OF
1 Sean Zimmerman Oliver Ekman-Larsson 60 1 2 2
2 Keith Aulie Radko Gudas 40 1 2 2
Penalty Kill - 3 Players Forward
Forward Time % Phy DF OF
1 Cal Clutterbuck 60 1 2 2
2 Joe Colborne 40 1 2 2
Penalty Kill - 3 Players Defense
Defense Defense Time % Phy DF OF
1 Sean Zimmerman Oliver Ekman-Larsson 60 1 2 2
2 Keith Aulie Radko Gudas 40 1 2 2
4 vs 4 Forward
Center Wing Time % Phy DF OF
1 Steven Stamkos Andrew Cogliano 60 1 2 2
2 Derek Stepan Nikita Kucherov 40 1 2 2
4 vs 4 Defense
Defense Defense Time % Phy DF OF
1 Sean Zimmerman Oliver Ekman-Larsson 60 1 2 2
2 Keith Aulie Radko Gudas 40 1 2 2
Last Minutes Offensive
Center Left Wing Right Wing Defense Defense
Steven Stamkos Andrew Cogliano Nikita Kucherov Sean Zimmerman Oliver Ekman-Larsson
Last Minutes Defensive
Center Left Wing Right Wing Defense Defense
Steven Stamkos Andrew Cogliano Cal Clutterbuck Sean Zimmerman Oliver Ekman-Larsson
Goaltenders
Starting : Jacob Markstrom
Backup : Cam Talbot
Extra Forwards
Normal : Andrew Cogliano, Teuvo Teravainen, Marcus Foligno - PP : Teuvo Teravainen, Jeff Skinner - PK : Marcus Foligno
Extra Defensemen
Normal : Sean Zimmerman, Radko Gudas, Olli Maatta - PP : Will Butcher - PK : Radko Gudas, Olli Maatta
Penalty Shots
Steven Stamkos, Nikita Kucherov, Jason Zucker, Teuvo Teravainen, Andrew Cogliano
Scratches
None
Capitals
5 vs 5 Forward
Center Left Wing Right Wing Time % Phy DF OF
1 Ryan Getzlaf Jamie Benn Joe Pavelski 40 1 2 2
2 Sean Monahan Patrick Sharp Jason Pominville 30 1 2 2
3 William Karlsson Blake Pietila Dustin Brown 20 1 2 2
4 Joe Pavelski Jason Pominville Mark Stone 10 1 2 2
5 vs 5 Defense
Defense Defense Time % Phy DF OF
1 Mike Green Brent Burns 40 1 2 2
2 Victor Hedman Cameron Gaunce 30 1 2 2
3 Alexei Marchenko Trevor Daley 20 1 2 2
4 Jared Spurgeon Mike Green 10 1 2 2
PowerPlay Forward
Center Left Wing Right Wing Time % Phy DF OF
1 Ryan Getzlaf Jamie Benn Joe Pavelski 60 1 2 2
2 Sean Monahan Patrick Sharp Jason Pominville 40 1 2 2
PowerPlay Defense
Defense Defense Time % Phy DF OF
1 Mike Green Brent Burns 60 1 2 2
2 Victor Hedman Cameron Gaunce 40 1 2 2
Penalty Kill 4 Players Forward
Center Wing Time % Phy DF OF
1 Joe Pavelski Jason Pominville 60 1 2 2
2 Jamie Benn Patrick Sharp 40 1 2 2
Penalty Kill 4 Players Defense
Defense Defense Time % Phy DF OF
1 Mike Green Brent Burns 60 1 2 2
2 Victor Hedman Cameron Gaunce 40 1 2 2
Penalty Kill - 3 Players Forward
Forward Time % Phy DF OF
1 Joe Pavelski 60 1 2 2
2 Jason Pominville 40 1 2 2
Penalty Kill - 3 Players Defense
Defense Defense Time % Phy DF OF
1 Mike Green Brent Burns 60 1 2 2
2 Victor Hedman Cameron Gaunce 40 1 2 2
4 vs 4 Forward
Center Wing Time % Phy DF OF
1 Joe Pavelski Jason Pominville 60 1 2 2
2 Jamie Benn Patrick Sharp 40 1 2 2
4 vs 4 Defense
Defense Defense Time % Phy DF OF
1 Mike Green Brent Burns 60 1 2 2
2 Victor Hedman Cameron Gaunce 40 1 2 2
Last Minutes Offensive
Center Left Wing Right Wing Defense Defense
Ryan Getzlaf Jamie Benn Joe Pavelski Mike Green Brent Burns
Last Minutes Defensive
Center Left Wing Right Wing Defense Defense
Ryan Getzlaf Jamie Benn Joe Pavelski Mike Green Brent Burns
Goaltenders
Starting : Marc-André Fleury
Backup : Keith Kinkaid
Extra Forwards
Normal : T.J. Oshie, Dustin Brown, Mark Stone - PP : T.J. Oshie, Dustin Brown - PK : Mark Stone
Extra Defensemen
Normal : Alexei Marchenko, Trevor Daley, Jared Spurgeon - PP : Alexei Marchenko - PK : Trevor Daley, Jared Spurgeon
Penalty Shots
Joe Pavelski, Jason Pominville, Jamie Benn, Patrick Sharp, Ryan Getzlaf
Scratches
Brayden Point (Healthy), Derek Roy (Healthy), Michael Raffl (Healthy)
% Time on Ice - Penguins
Lines # - Real PCT - Wanted PCT - Time Play
Normal Forward
1 - 34% - 40% - 15:24
2 - 30% - 30% - 13:55
3 - 21% - 20% - 9:31
4 - 15% - 10% - 7:05
Normal Defense
1 - 41% - 40% - 18:45
2 - 34% - 30% - 15:31
3 - 22% - 20% - 10:14
4 - 3% - 10% - 1:25
PP Forward
1 - 53% - 60% - 3:15
2 - 47% - 40% - 2:52
PP Defense
1 - 58% - 60% - 3:32
2 - 42% - 40% - 2:35
PK Forward
1 - 85% - 60% - 5:59
2 - 15% - 40% - 1:05
PK Defense
1 - 60% - 60% - 4:14
2 - 40% - 40% - 2:50
PK3 Forward
1 - 0% - 60%
2 - 0% - 40%
PK3 Defense
1 - 0% - 60%
2 - 0% - 40%
44 Forward
1 - 100% - 60% - 0:54
2 - 0% - 40% - 0:00
44 Defense
1 - 100% - 60% - 0:54
2 - 0% - 40% - 0:00
Last Minute Offensive - 0:00
Last Minute Defensive - 0:00
Total
Forward - 60:00
Defense - 60:00
|
% Time on Ice - Capitals
Lines # - Real PCT - Wanted PCT - Time Play
Normal Forward
1 - 33% - 40% - 15:19
2 - 30% - 30% - 13:42
3 - 29% - 20% - 13:15
4 - 8% - 10% - 3:39
Normal Defense
1 - 40% - 40% - 18:22
2 - 31% - 30% - 14:21
3 - 21% - 20% - 9:38
4 - 8% - 10% - 3:34
PP Forward
1 - 62% - 60% - 4:24
2 - 38% - 40% - 2:40
PP Defense
1 - 47% - 60% - 3:20
2 - 53% - 40% - 3:44
PK Forward
1 - 71% - 60% - 4:22
2 - 29% - 40% - 1:45
PK Defense
1 - 61% - 60% - 3:45
2 - 39% - 40% - 2:22
PK3 Forward
1 - 0% - 60%
2 - 0% - 40%
PK3 Defense
1 - 0% - 60%
2 - 0% - 40%
44 Forward
1 - 100% - 60% - 0:54
2 - 0% - 40% - 0:00
44 Defense
1 - 100% - 60% - 0:54
2 - 0% - 40% - 0:00
Last Minute Offensive - 0:00
Last Minute Defensive - 0:00
Total
Forward - 60:00
Defense - 60:00
|
Play-by-Play
1st period
0:01 of 1st period - Steven Stamkos wins face-off versus Ryan Getzlaf in neutral zone.
0:10 of 1st period - Wrist shot by Nikita Kucherov.
0:10 of 1st period - Stopped by Marc-André Fleury without a rebound.
0:11 of 1st period - Sean Monahan wins face-off versus Derek Stepan in Capitals zone.
0:20 of 1st period - Slapshot by Sean Monahan.
0:20 of 1st period - Stopped by Jacob Markstrom without a rebound.
0:21 of 1st period - Derek Stepan wins face-off versus Sean Monahan in Penguins zone.
0:26 of 1st period - Slapshot by Sean Monahan.
0:26 of 1st period - Shot Misses the Net.
0:38 of 1st period - Snap shot by Derek Stepan.
0:38 of 1st period - Stopped by Marc-André Fleury without a rebound.
0:39 of 1st period - Joe Colborne wins face-off versus William Karlsson in Capitals zone.
0:54 of 1st period - Snap shot by William Karlsson.
0:54 of 1st period - Shot Misses the Net.
1:04 of 1st period - Olli Maatta is hit by Joe Pavelski and loses puck.
1:33 of 1st period - Snap shot by Brandon Tanev.
1:33 of 1st period - Goal by Brandon Tanev - Penguins : 1 - Capitals : 0.
1:34 of 1st period - Steven Stamkos wins face-off versus Jason Pominville in neutral zone.
1:39 of 1st period - Wrist shot by Oliver Ekman-Larsson.
1:39 of 1st period - Stopped by Marc-André Fleury with a rebound.
1:41 of 1st period - Wrist shot by Sean Zimmerman.
1:41 of 1st period - Deflect By Joe Pavelski.
1:41 of 1st period - Stopped by Marc-André Fleury without a rebound.
1:42 of 1st period - Joe Pavelski wins face-off versus Steven Stamkos in Capitals zone.
2:03 of 1st period - Joe Pavelski is hit by Steven Stamkos and loses puck.
2:24 of 1st period - Wrist shot by Nikita Kucherov.
2:24 of 1st period - Shot Misses the Net.
2:40 of 1st period - Slapshot by Mark Stone.
2:40 of 1st period - Shot Misses the Net.
2:46 of 1st period - Mike Green is hit by Steven Stamkos and loses puck.
3:04 of 1st period - Mike Green is hit by Steven Stamkos and loses puck.
3:17 of 1st period - Snap shot by Nikita Kucherov.
3:17 of 1st period - Stopped by Marc-André Fleury with a rebound.
3:55 of 1st period - Slapshot by Mark Stone.
3:55 of 1st period - Goal by Mark Stone - Penguins : 1 - Capitals : 1.
3:56 of 1st period - Derek Stepan wins face-off versus William Karlsson in neutral zone.
4:09 of 1st period - Cameron Gaunce is hit by Teuvo Teravainen.
5:52 of 1st period - Brent Burns is hit by Brandon Tanev and loses puck.
6:17 of 1st period - Alexei Marchenko is hit by Jeff Skinner and loses puck.
7:04 of 1st period - Icing by Sean Zimmerman.
7:05 of 1st period - William Karlsson wins face-off versus Jason Zucker in Penguins zone.
7:36 of 1st period - Snap shot by Andrew Cogliano.
7:36 of 1st period - Goal by Andrew Cogliano - Penguins : 2 - Capitals : 1.
7:37 of 1st period - Derek Stepan wins face-off versus Joe Pavelski in neutral zone.
7:46 of 1st period - Oliver Ekman-Larsson is hit by Cameron Gaunce and loses puck.
10:35 of 1st period - Brent Burns is hit by Steven Stamkos and loses puck.
11:20 of 1st period - Snap shot by Derek Stepan.
11:20 of 1st period - Shot Blocked by Trevor Daley.
11:25 of 1st period - Minor Penalty to Trevor Daley for Hooking.
11:26 of 1st period - Joe Pavelski wins face-off versus Steven Stamkos in Capitals zone.
13:25 of 1st period - Penalty to Trevor Daley is over, Trevor Daley is back on ice.
13:37 of 1st period - Alexei Marchenko is hit by Oliver Ekman-Larsson and loses puck.
14:21 of 1st period - Lars Eller is hit by Joe Pavelski and loses puck.
14:40 of 1st period - Olli Maatta is hit by Dustin Brown and loses puck.
14:50 of 1st period - Icing by Dustin Brown.
14:51 of 1st period - Sean Monahan wins face-off versus Steven Stamkos in Capitals zone.
15:30 of 1st period - Wrist shot by Lars Eller.
15:30 of 1st period - Deflect By Marcus Foligno.
15:30 of 1st period - Shot Misses the Net.
15:30 of 1st period - Puck is out of play.
15:31 of 1st period - William Karlsson wins face-off versus Lars Eller in Capitals zone.
15:31 of 1st period - William Karlsson is hit by Brandon Tanev.
15:37 of 1st period - Backhand shot by William Karlsson.
15:37 of 1st period - Stopped by Jacob Markstrom with a rebound.
15:39 of 1st period - Wrist shot by Blake Pietila.
15:39 of 1st period - Shot Blocked by Oliver Ekman-Larsson.
15:41 of 1st period - Wrist shot by Dustin Brown.
15:41 of 1st period - Shot Blocked by Oliver Ekman-Larsson.
15:43 of 1st period - Slapshot by Dustin Brown.
15:43 of 1st period - Shot Misses the Net.
16:06 of 1st period - Wrist shot by Steven Stamkos.
16:06 of 1st period - Shot Misses the Net.
16:26 of 1st period - Wrist shot by Sean Monahan.
16:26 of 1st period - Shot Misses the Net.
16:28 of 1st period - Slapshot by Brent Burns.
16:28 of 1st period - Stopped by Jacob Markstrom without a rebound.
16:29 of 1st period - William Karlsson wins face-off versus Steven Stamkos in Penguins zone.
16:35 of 1st period - Off-side.
16:36 of 1st period - Steven Stamkos wins face-off versus William Karlsson in neutral zone.
16:38 of 1st period - Off-side.
16:39 of 1st period - William Karlsson wins face-off versus Andrew Cogliano in neutral zone.
16:46 of 1st period - Slapshot by Brent Burns.
16:46 of 1st period - Stopped by Jacob Markstrom with a rebound.
16:48 of 1st period - Wrist shot by Dustin Brown.
16:48 of 1st period - Stopped by Jacob Markstrom without a rebound.
16:49 of 1st period - Ryan Getzlaf wins face-off versus Steven Stamkos in Penguins zone.
17:04 of 1st period - Wrist shot by Ryan Getzlaf.
17:04 of 1st period - Stopped by Jacob Markstrom with a rebound.
17:14 of 1st period - Steven Stamkos is hit by Mike Green.
17:33 of 1st period - Icing by Brent Burns.
17:34 of 1st period - Derek Stepan wins face-off versus Sean Monahan in Capitals zone.
17:55 of 1st period - Minor Penalty to Oliver Ekman-Larsson for Diving.
17:56 of 1st period - Ryan Getzlaf wins face-off versus Steven Stamkos in Penguins zone.
17:57 of 1st period - Wrist shot by Joe Pavelski.
17:57 of 1st period - Goal by Joe Pavelski - Penguins : 2 - Capitals : 2.
17:58 of 1st period - Andrew Cogliano wins face-off versus Ryan Getzlaf in neutral zone.
18:25 of 1st period - Sean Zimmerman is hit by Jason Pominville and loses puck.
18:52 of 1st period - Snap shot by Joe Colborne.
18:52 of 1st period - Stopped by Marc-André Fleury with a rebound.
18:54 of 1st period - Slapshot by Jeff Skinner.
18:54 of 1st period - Shot Misses the Net.
19:16 of 1st period - Wrist shot by Joe Pavelski.
19:16 of 1st period - Stopped by Jacob Markstrom with a rebound.
Goals for this period are 2 for Penguins vs 2 for Capitals.
Shots for this period are 8 for Penguins vs 9 for Capitals.
2nd period
0:01 of 2nd period - Steven Stamkos wins face-off versus Ryan Getzlaf in neutral zone.
1:03 of 2nd period - Snap shot by Joe Colborne.
1:03 of 2nd period - Shot Misses the Net.
1:34 of 2nd period - Off-side.
1:35 of 2nd period - Sean Monahan wins face-off versus Lars Eller in neutral zone.
3:20 of 2nd period - Olli Maatta is hit by William Karlsson.
4:23 of 2nd period - Dustin Brown is hit by Steven Stamkos and loses puck.
4:44 of 2nd period - Ryan Getzlaf is hit by Cal Clutterbuck and loses puck.
5:19 of 2nd period - Wrist shot by Andrew Cogliano.
5:19 of 2nd period - Shot Blocked by Brent Burns.
5:44 of 2nd period - Alexei Marchenko is hit by Oliver Ekman-Larsson and loses puck.
6:42 of 2nd period - Slapshot by Steven Stamkos.
6:42 of 2nd period - Stopped by Marc-André Fleury with a rebound.
6:44 of 2nd period - Wrist shot by Jason Zucker.
6:44 of 2nd period - Deflect By Teuvo Teravainen.
6:44 of 2nd period - Shot Misses the Net.
6:44 of 2nd period - Puck is out of play.
6:45 of 2nd period - Sean Monahan wins face-off versus Derek Stepan in Capitals zone.
7:11 of 2nd period - William Karlsson is hit by Nikita Kucherov and loses puck.
7:29 of 2nd period - Icing by Victor Hedman.
7:30 of 2nd period - Joe Colborne wins face-off versus Joe Pavelski in Capitals zone.
7:37 of 2nd period - Snap shot by Joe Colborne.
7:37 of 2nd period - Stopped by Marc-André Fleury with a rebound.
7:39 of 2nd period - Slapshot by Sean Zimmerman.
7:39 of 2nd period - Shot Blocked by Cameron Gaunce.
7:41 of 2nd period - Snap shot by Cal Clutterbuck.
7:41 of 2nd period - Stopped by Marc-André Fleury without a rebound.
7:42 of 2nd period - Steven Stamkos wins face-off versus Sean Monahan in Capitals zone.
7:59 of 2nd period - Sean Zimmerman is hit by Patrick Sharp and loses puck.
8:12 of 2nd period - Slapshot by Jamie Benn.
8:12 of 2nd period - Deflect By Ryan Getzlaf.
8:12 of 2nd period - Stopped by Jacob Markstrom without a rebound.
8:13 of 2nd period - Derek Stepan wins face-off versus Ryan Getzlaf in Penguins zone.
8:13 of 2nd period - Derek Stepan is hit by Ryan Getzlaf.
8:23 of 2nd period - Snap shot by Derek Stepan.
8:23 of 2nd period - Shot Misses the Net.
8:25 of 2nd period - Minor Penalty to Ryan Getzlaf for Hooking.
8:26 of 2nd period - Steven Stamkos wins face-off versus Joe Pavelski in Capitals zone.
8:27 of 2nd period - Slapshot by Nikita Kucherov.
8:27 of 2nd period - Stopped by Marc-André Fleury with a rebound.
8:29 of 2nd period - Slapshot by Oliver Ekman-Larsson.
8:29 of 2nd period - Shot Misses the Net.
9:05 of 2nd period - Backhand shot by Teuvo Teravainen.
9:05 of 2nd period - Stopped by Marc-André Fleury with a rebound.
9:20 of 2nd period - Off-side.
9:21 of 2nd period - Jamie Benn wins face-off versus Derek Stepan in neutral zone.
9:26 of 2nd period - Wrist shot by Jamie Benn.
9:26 of 2nd period - Stopped by Jacob Markstrom with a rebound.
9:50 of 2nd period - Wrist shot by Steven Stamkos.
9:50 of 2nd period - Shot Blocked by Victor Hedman.
10:05 of 2nd period - Off-side.
10:06 of 2nd period - Jamie Benn wins face-off versus Derek Stepan in neutral zone.
10:25 of 2nd period - Penalty to Ryan Getzlaf is over, Ryan Getzlaf is back on ice.
11:02 of 2nd period - Wrist shot by Jason Zucker.
11:02 of 2nd period - Shot Misses the Net.
11:04 of 2nd period - Wrist shot by Derek Stepan.
11:04 of 2nd period - Goal by Derek Stepan - Penguins : 3 - Capitals : 2.
11:05 of 2nd period - William Karlsson wins face-off versus Steven Stamkos in neutral zone.
11:22 of 2nd period - Snap shot by Nikita Kucherov.
11:22 of 2nd period - Deflect By Blake Pietila.
11:22 of 2nd period - Shot Blocked by Cameron Gaunce.
11:22 of 2nd period - Puck is out of play.
11:23 of 2nd period - Ryan Getzlaf wins face-off versus Cal Clutterbuck in Capitals zone.
13:03 of 2nd period - Slapshot by Dustin Brown.
13:03 of 2nd period - Stopped by Jacob Markstrom without a rebound.
13:04 of 2nd period - Blake Pietila wins face-off versus Derek Stepan in Penguins zone.
13:25 of 2nd period - Minor Penalty to Teuvo Teravainen for Hooking.
13:26 of 2nd period - Ryan Getzlaf wins face-off versus Steven Stamkos in Penguins zone.
14:01 of 2nd period - Marcus Foligno is hit by Sean Monahan and loses puck.
15:25 of 2nd period - Penalty to Teuvo Teravainen is over, Teuvo Teravainen is back on ice.
15:51 of 2nd period - Icing by Sean Monahan.
15:52 of 2nd period - Sean Monahan wins face-off versus Teuvo Teravainen in Capitals zone.
16:13 of 2nd period - Minor Penalty to Jason Zucker for Tripping.
16:14 of 2nd period - Steven Stamkos wins face-off versus Ryan Getzlaf in Penguins zone.
16:25 of 2nd period - Sean Zimmerman is hit by Jamie Benn.
16:29 of 2nd period - Slapshot by Steven Stamkos.
16:29 of 2nd period - Shot Hit the Post.
16:41 of 2nd period - Cal Clutterbuck is hit by Cameron Gaunce and loses puck.
16:52 of 2nd period - Snap shot by Sean Monahan.
16:52 of 2nd period - Shot Misses the Net.
18:13 of 2nd period - Penalty to Jason Zucker is over, Jason Zucker is back on ice.
19:09 of 2nd period - Jared Spurgeon is hit by Will Butcher and loses puck.
19:26 of 2nd period - Jared Spurgeon is hit by Sean Zimmerman and loses puck.
Goals for this period are 1 for Penguins vs 0 for Capitals.
Shots for this period are 6 for Penguins vs 3 for Capitals.
3rd period
0:01 of 3rd period - Ryan Getzlaf wins face-off versus Steven Stamkos in neutral zone.
0:16 of 3rd period - Snap shot by Nikita Kucherov.
0:16 of 3rd period - Shot Misses the Net.
0:52 of 3rd period - Icing by Radko Gudas.
0:53 of 3rd period - Derek Stepan wins face-off versus Sean Monahan in Penguins zone.
0:58 of 3rd period - Derek Stepan is hit by Alexei Marchenko and loses puck.
1:06 of 3rd period - Off-side.
1:07 of 3rd period - Steven Stamkos wins face-off versus Sean Monahan in neutral zone.
1:14 of 3rd period - Brent Burns is hit by Andrew Cogliano and loses puck.
2:04 of 3rd period - Slapshot by Joe Colborne.
2:04 of 3rd period - Shot Misses the Net.
2:25 of 3rd period - Slapshot by Trevor Daley.
2:25 of 3rd period - Shot Blocked by Radko Gudas.
2:41 of 3rd period - Snap shot by Jamie Benn.
2:41 of 3rd period - Shot Misses the Net.
2:43 of 3rd period - Snap shot by Alexei Marchenko.
2:43 of 3rd period - Shot Misses the Net.
3:59 of 3rd period - Blake Pietila is hit by Radko Gudas and loses puck.
4:18 of 3rd period - Snap shot by Joe Colborne.
4:18 of 3rd period - Goal by Joe Colborne - Penguins : 4 - Capitals : 2.
4:18 of 3rd period - Keith Kinkaid enters game.
4:19 of 3rd period - Steven Stamkos wins face-off versus Ryan Getzlaf in neutral zone.
4:26 of 3rd period - Wrist shot by Steven Stamkos.
4:26 of 3rd period - Stopped by Keith Kinkaid without a rebound.
4:27 of 3rd period - Ryan Getzlaf wins face-off versus Steven Stamkos in Capitals zone.
4:27 of 3rd period - Ryan Getzlaf is hit by Andrew Cogliano.
4:30 of 3rd period - Minor Penalty to Brent Burns for Tripping.
4:31 of 3rd period - Joe Pavelski wins face-off versus Steven Stamkos in Capitals zone.
4:43 of 3rd period - Snap shot by Andrew Cogliano.
4:43 of 3rd period - Stopped by Keith Kinkaid with a rebound.
4:45 of 3rd period - Wrist shot by Andrew Cogliano.
4:45 of 3rd period - Shot Blocked by Jason Pominville.
4:47 of 3rd period - Slapshot by Jeff Skinner.
4:47 of 3rd period - Shot Blocked by Mike Green.
5:05 of 3rd period - Slapshot by Jeff Skinner.
5:05 of 3rd period - Stopped by Keith Kinkaid with a rebound.
5:29 of 3rd period - Snap shot by Jamie Benn.
5:29 of 3rd period - Stopped by Jacob Markstrom without a rebound.
5:30 of 3rd period - Joe Pavelski wins face-off versus Derek Stepan in Penguins zone.
5:35 of 3rd period - Minor Penalty to Oliver Ekman-Larsson for Tripping.
5:36 of 3rd period - Joe Pavelski wins face-off versus Steven Stamkos in Penguins zone.
5:39 of 3rd period - Slapshot by Jason Pominville.
5:39 of 3rd period - Goal by Jason Pominville - Penguins : 4 - Capitals : 3.
5:40 of 3rd period - Steven Stamkos wins face-off versus Joe Pavelski in neutral zone.
5:43 of 3rd period - Mike Green is hit by Andrew Cogliano and loses puck.
5:48 of 3rd period - Wrist shot by Andrew Cogliano.
5:48 of 3rd period - Shot Blocked by Joe Pavelski.
5:50 of 3rd period - Slapshot by Sean Zimmerman.
5:50 of 3rd period - Shot Misses the Net.
5:52 of 3rd period - Slapshot by Sean Zimmerman.
5:52 of 3rd period - Shot Blocked by Mike Green.
5:54 of 3rd period - Snap shot by Andrew Cogliano.
5:54 of 3rd period - Stopped by Keith Kinkaid with a rebound.
5:56 of 3rd period - Slapshot by Radko Gudas.
5:56 of 3rd period - Deflect By Andrew Cogliano.
5:56 of 3rd period - Shot Blocked by Alexei Marchenko.
5:56 of 3rd period - Puck is out of play.
5:57 of 3rd period - Joe Pavelski wins face-off versus Steven Stamkos in Capitals zone.
6:02 of 3rd period - Slapshot by Mike Green.
6:02 of 3rd period - Shot Blocked by Radko Gudas.
6:04 of 3rd period - Snap shot by Joe Pavelski.
6:04 of 3rd period - Stopped by Jacob Markstrom with a rebound.
6:06 of 3rd period - Wrist shot by Mike Green.
6:06 of 3rd period - Deflect By Jason Pominville.
6:06 of 3rd period - Shot Misses the Net.
6:06 of 3rd period - Puck is out of play.
6:07 of 3rd period - Andrew Cogliano wins face-off versus Joe Pavelski in Penguins zone.
6:18 of 3rd period - Steven Stamkos is hit by Joe Pavelski and loses puck.
6:30 of 3rd period - Penalty to Brent Burns is over, Brent Burns is back on ice.
6:41 of 3rd period - Steven Stamkos is hit by Joe Pavelski and loses puck.
6:46 of 3rd period - Snap shot by Joe Pavelski.
6:46 of 3rd period - Shot Misses the Net.
6:48 of 3rd period - Wrist shot by Mike Green.
6:48 of 3rd period - Stopped by Jacob Markstrom with a rebound.
6:50 of 3rd period - Wrist shot by Mike Green.
6:50 of 3rd period - Stopped by Jacob Markstrom with a rebound.
6:58 of 3rd period - Snap shot by Brent Burns.
6:58 of 3rd period - Stopped by Jacob Markstrom without a rebound.
6:59 of 3rd period - Marcus Foligno wins face-off versus Ryan Getzlaf in Penguins zone.
7:35 of 3rd period - Penalty to Oliver Ekman-Larsson is over, Oliver Ekman-Larsson is back on ice.
7:40 of 3rd period - Backhand shot by Derek Stepan.
7:40 of 3rd period - Stopped by Keith Kinkaid with a rebound.
8:05 of 3rd period - Sean Monahan is hit by Radko Gudas and loses puck.
8:26 of 3rd period - Slapshot by Derek Stepan.
8:26 of 3rd period - Shot Blocked by Patrick Sharp.
8:28 of 3rd period - Slapshot by Derek Stepan.
8:28 of 3rd period - Shot Misses the Net.
8:30 of 3rd period - Wrist shot by Jason Zucker.
8:30 of 3rd period - Stopped by Keith Kinkaid without a rebound.
8:31 of 3rd period - Joe Pavelski wins face-off versus Steven Stamkos in Capitals zone.
8:42 of 3rd period - Wrist shot by Ryan Getzlaf.
8:42 of 3rd period - Shot Misses the Net.
9:02 of 3rd period - Slapshot by Victor Hedman.
9:02 of 3rd period - Shot Blocked by Oliver Ekman-Larsson.
9:31 of 3rd period - Brandon Tanev is hit by Victor Hedman.
10:44 of 3rd period - Slapshot by Steven Stamkos.
10:44 of 3rd period - Stopped by Keith Kinkaid without a rebound.
10:45 of 3rd period - Derek Stepan wins face-off versus William Karlsson in Capitals zone.
11:15 of 3rd period - Slapshot by Mike Green.
11:15 of 3rd period - Stopped by Jacob Markstrom without a rebound.
11:16 of 3rd period - Ryan Getzlaf wins face-off versus Steven Stamkos in Penguins zone.
11:19 of 3rd period - Snap shot by Joe Pavelski.
11:19 of 3rd period - Stopped by Jacob Markstrom with a rebound.
11:22 of 3rd period - Icing by Keith Aulie.
11:23 of 3rd period - Ryan Getzlaf wins face-off versus Steven Stamkos in Penguins zone.
11:26 of 3rd period - Wrist shot by Joe Pavelski.
11:26 of 3rd period - Shot Blocked by Nikita Kucherov.
11:52 of 3rd period - Wrist shot by Teuvo Teravainen.
11:52 of 3rd period - Goal by Teuvo Teravainen - Penguins : 5 - Capitals : 3.
11:53 of 3rd period - Steven Stamkos wins face-off versus Ryan Getzlaf in neutral zone.
12:06 of 3rd period - Snap shot by Steven Stamkos.
12:06 of 3rd period - Shot Misses the Net.
12:26 of 3rd period - Snap shot by Jason Pominville.
12:26 of 3rd period - Stopped by Jacob Markstrom with a rebound.
13:46 of 3rd period - Slapshot by Ryan Getzlaf.
13:46 of 3rd period - Shot Blocked by Oliver Ekman-Larsson.
13:48 of 3rd period - Slapshot by Joe Pavelski.
13:48 of 3rd period - Shot Misses the Net.
13:50 of 3rd period - Slapshot by Mike Green.
13:50 of 3rd period - Deflect By Joe Pavelski.
13:50 of 3rd period - Stopped by Jacob Markstrom without a rebound.
13:51 of 3rd period - Joe Pavelski wins face-off versus Steven Stamkos in Penguins zone.
14:00 of 3rd period - Snap shot by Jamie Benn.
14:00 of 3rd period - Stopped by Jacob Markstrom without a rebound.
14:01 of 3rd period - Ryan Getzlaf wins face-off versus Steven Stamkos in Penguins zone.
14:03 of 3rd period - Minor Penalty to Nikita Kucherov for Roughing.
14:04 of 3rd period - Steven Stamkos wins face-off versus Ryan Getzlaf in Penguins zone.
14:22 of 3rd period - Icing by Jamie Benn.
14:23 of 3rd period - Steven Stamkos wins face-off versus Ryan Getzlaf in Capitals zone.
14:30 of 3rd period - Snap shot by Cal Clutterbuck.
14:30 of 3rd period - Stopped by Keith Kinkaid with a rebound.
14:37 of 3rd period - Off-side.
14:38 of 3rd period - Steven Stamkos wins face-off versus Sean Monahan in neutral zone.
14:41 of 3rd period - Wrist shot by Cal Clutterbuck.
14:41 of 3rd period - Deflect By Patrick Sharp.
14:41 of 3rd period - Shot Misses the Net.
14:41 of 3rd period - Puck is out of play.
14:42 of 3rd period - Cal Clutterbuck wins face-off versus Sean Monahan in Capitals zone.
14:47 of 3rd period - Slapshot by Cal Clutterbuck.
14:47 of 3rd period - Goal by Cal Clutterbuck - Penguins : 6 - Capitals : 3.
14:48 of 3rd period - Joe Pavelski wins face-off versus Steven Stamkos in neutral zone.
14:59 of 3rd period - Wrist shot by Ryan Getzlaf.
14:59 of 3rd period - Stopped by Jacob Markstrom with a rebound.
15:01 of 3rd period - Slapshot by Joe Pavelski.
15:01 of 3rd period - Stopped by Jacob Markstrom without a rebound.
15:02 of 3rd period - Steven Stamkos wins face-off versus Ryan Getzlaf in Penguins zone.
15:27 of 3rd period - Snap shot by Jason Pominville.
15:27 of 3rd period - Stopped by Jacob Markstrom without a rebound.
15:28 of 3rd period - Steven Stamkos wins face-off versus Jason Pominville in Penguins zone.
15:53 of 3rd period - Slapshot by Jason Pominville.
15:53 of 3rd period - Stopped by Jacob Markstrom with a rebound.
15:55 of 3rd period - Slapshot by Victor Hedman.
15:55 of 3rd period - Shot Misses the Net.
15:57 of 3rd period - Snap shot by Jason Pominville.
15:57 of 3rd period - Shot Blocked by Marcus Foligno.
16:01 of 3rd period - Wrist shot by Sean Monahan.
16:01 of 3rd period - Shot Misses the Net.
16:03 of 3rd period - Penalty to Nikita Kucherov is over, Nikita Kucherov is back on ice.
16:03 of 3rd period - Slapshot by Patrick Sharp.
16:03 of 3rd period - Stopped by Jacob Markstrom without a rebound.
16:04 of 3rd period - Derek Stepan wins face-off versus Ryan Getzlaf in Penguins zone.
16:30 of 3rd period - Blake Pietila is hit by Oliver Ekman-Larsson and loses puck.
17:19 of 3rd period - Snap shot by Brandon Tanev.
17:19 of 3rd period - Shot Misses the Net.
17:21 of 3rd period - Snap shot by Lars Eller.
17:21 of 3rd period - Deflect By Marcus Foligno.
17:21 of 3rd period - Goal by Marcus Foligno - Penguins : 7 - Capitals : 3.
17:22 of 3rd period - Ryan Getzlaf wins face-off versus Steven Stamkos in neutral zone.
17:53 of 3rd period - Wrist shot by Derek Stepan.
17:53 of 3rd period - Deflect By Jason Pominville.
17:53 of 3rd period - Stopped by Keith Kinkaid without a rebound.
17:54 of 3rd period - Sean Monahan wins face-off versus Derek Stepan in Capitals zone.
17:54 of 3rd period - Sean Monahan is hit by Oliver Ekman-Larsson.
18:09 of 3rd period - Off-side.
18:10 of 3rd period - Ryan Getzlaf wins face-off versus Steven Stamkos in neutral zone.
18:55 of 3rd period - Minor Penalty to Mike Green for High sticking.
18:56 of 3rd period - Joe Pavelski wins face-off versus Steven Stamkos in Capitals zone.
19:29 of 3rd period - Slapshot by Oliver Ekman-Larsson.
19:29 of 3rd period - Stopped by Keith Kinkaid without a rebound.
19:30 of 3rd period - Steven Stamkos wins face-off versus Jamie Benn in Capitals zone.
Goals for this period are 4 for Penguins vs 1 for Capitals.
Shots for this period are 14 for Penguins vs 16 for Capitals.